 Dungeon Crawl Stone Soup version 0.31-a0-986-g5e6e4ef867 (webtiles) character file.

Game seed: 10686323713409491602

117 p00ps00p the Trooper (level 5, 0/47 HPs)
             Began as a Hill Orc Fighter on Nov 11, 2023.
             Killed by divine providence
             ... invoked by an orc priest
              (13 damage)
             ... on level 3 of the Dungeon.
             The game lasted 00:02:43 (1731 turns).

p00ps00p the Trooper (Hill Orc Fighter)             Turns: 1731, Time: 00:02:44

Health: 0/47       AC:  8    Str: 21    XL:     5   Next: 1%
Magic:  5/5        EV:  9    Int:  8    God:
Gold:   149        SH:  4    Dex: 10    Spells: 4/4 levels left

rFire   . . .        a - +2 war axe
rCold   . . .        c - +0 buckler
rNeg    . . .        b - +0 scale mail
rPois   +            (no helmet)
rElec   .            (no cloak)
rCorr   .            n - +0 pair of gloves
SInv    .            (no boots)
Will    .....        (no amulet) Stlth
                     e - ring of poison resistance
HPRegen 0.27/turn    (no ring)
MPRegen 0.09/turn

%: no passive effects
@: no status effects
A: no striking features
a: Convert to Beogh


You were on level 3 of the Dungeon.
You visited 1 branch of the dungeon, and saw 3 of its levels.

You collected 149 gold pieces.

Inventory:

Hand Weapons
 a - a +2 war axe (weapon)
 f - the +6 mace "Divesche" {freeze, rC+ Str+2 Int-5 Dex+2}
   (You found it on level 2 of the Dungeon)

   Str+2:     It affects your strength (+2).
   Int-5:     It affects your intelligence (-5).
   Dex+2:     It affects your dexterity (+2).
   rC+:       It protects you from cold.
Missiles
 h - 6 datura-tipped darts (quivered)
Armour
 b - a +0 scale mail (worn)
 c - a +0 buckler (worn)
 n - a +0 pair of gloves (worn)
Jewellery
 e - a ring of poison resistance (left hand)
Scrolls
 j - a scroll of amnesia {unknown}
 l - 2 scrolls of poison
 o - a scroll of noise {unknown}
Potions
 d - a potion of might
 g - a potion of mutation {unknown}
 i - a potion of cancellation {unknown}
 k - a potion of haste {unknown}
 m - a potion of curing {unknown}


   Skills:
 + Level 4.5 Fighting
 + Level 4.1 Axes
 + Level 4.1 Armour
 + Level 4.1 Shields


You had 4 spell levels left.
You didn't know any spells.
Your spell library contained the following spells:

 Spells                   Type           Power      Damage    Failure   Level
 Cigotuvi's Dreadful Rot  Necr/Pois/Air  0%         N/A       91%         2
 Dispel Undead            Necr           0%         3d6       100%        4
 Death Channel            Necr           0%         N/A       100%        6


Dungeon Overview and Level Annotations

Branches:
Dungeon (3/15)

Altars:


Message History

Unknown command.
You are too injured to fight recklessly!
Unknown command.
You are too injured to fight recklessly!
Unknown command.
You are too injured to fight recklessly!
Unknown command.
You are too injured to fight recklessly!
Unknown command.
You are too injured to fight recklessly!
Unknown command.
You are too injured to fight recklessly!
You hit the orc.
The orc is heavily wounded.
You completely miss the orc. You block the orc's attack.
You barely miss the orc.
The orc is heavily wounded.
You hit the orc. The orc closely misses you. You block the orc's attack.
You barely miss the orc.
The orc is heavily wounded.
You slash the orc!
You kill the orc!
The orc barely misses you.
You barely miss the orc.
The orc is heavily wounded.
You miss something. The orc hits you but does no damage.
You closely miss something. You hit the orc. Something hits you.
The orc hits you with a +0 short sword.
You slash something! You barely miss the orc. Something hits you.
The orc hits you with a +0 short sword. The orc hits you but does no damage.
You hear some strange, mumbled words.
A magic dart appears from out of thin air!
The magic dart hits you.
* * * LOW HITPOINT WARNING * * *
You hit something. You hit the orc but do no damage. Something hits you.
* * * LOW HITPOINT WARNING * * *
You block the orc's attack.
The orc priest calls down the wrath of Beogh upon you.
Beogh smites you!
You die...

......<..#.###..#
.......##..# #..#
..........## #..##
.........## #...#
.........# #.#.#
.........# #.#.#
.........# ##.#.# .
...##.....###..#.###....
..## .##........@{......
...##.#...###.###o##....
........ #.. ... .
...##.## ...# o##..
...##..##. ....# .# ...
...#.......#.### .. ..
............. #. #
............. .
...........


You could see an orc priest and an orc.

Vanquished Creatures
  4 adders
  A worm (D:3)
  9 orcs (D:3)
  5 bats
  9 endoplasms
  A giant cockroach (D:1)
  10 goblins
  4 hobgoblins
  2 jackals (D:1)
  5 kobolds
  2 quokkas (D:1)
  5 ball pythons
  2 frilled lizards (D:3)
  5 rats
64 creatures vanquished.

Notes
Turn   | Place    | Note
-------+----------+-------------------------------------------
     0 | D:1      | p00ps00p the Hill Orc Fighter began the quest for the Orb.
     0 | D:1      | Reached XP level 1. HP: 19/19 MP: 1/1
    56 | D:1      | Reached XP level 2. HP: 26/27 MP: 2/2
   374 | D:1      | Reached XP level 3. HP: 33/33 MP: 3/3
   665 | D:2      | Identified the +6 mace "Divesche" {freeze, rC+ Str+2 Int-5
                  | Dex+2}
   968 | D:2      | Reached XP level 4. HP: 40/40 MP: 4/4
  1719 | D:3      | Identified the +0 leather armour of the Tundras {Rampage}
  1724 | D:3      | Reached XP level 5. HP: 26/47 MP: 5/5
  1731 | D:3      | Killed from afar by an orc priest

Illustrated notes

Levels and vault maps discovered:
D:1:      wander_arrival_estate, layout_loops_cross
D:2:      layout_rooms
D:3:      layout_rooms, fedhas_altar_3

Skill      XL: |  1  2  3  4 |
---------------+-------------+-----
Axes           | 3 4 |  4.1
Fighting       | 4 |  4.5
Armour         | 4 |  4.1
Shields        | 4 |  4.1

Action                     |  1- 3 |  4- 6 || total
---------------------------+-------+-------++-------
  Melee: War axe           |    83 |    35 ||   118
    Use: Scroll            |     5 |     2 ||     7
 Armour: Scale mail        |    53 |    59 ||   112
  Dodge: Dodged            |    37 |    26 ||    63
  Block: Buckler           |    16 |    17 ||    33

Table legend: (Time is in decaauts)
 A = Elapsed time spent in this place.
 B = Non-inter-level travel time spent in this place.
 C = Inter-level travel time spent in this place.
 D = Time resting spent in this place.
 E = Time spent auto-exploring this place.
 F = Levels seen in this place.
 G = Mean time per level.
                   A        B        C        D        E       F      G
               +--------+--------+--------+--------+--------+-----+--------+
         Total |   1773 |   1724 |     49 |    327 |   1049 |   3 |  591.0 |
       Dungeon |   1773 |   1724 |     49 |    327 |   1049 |   3 |  591.0 |
               +--------+--------+--------+--------+--------+-----+--------+

Top non-repeatable levels by time:
     D:2: 833 daAuts
     D:1: 679 daAuts
     D:3: 260 daAuts
